 Dungeon Crawl Stone Soup version 0.20-a0-433-g9e36e56 (webtiles) character file.

3861 Faca the Blocker (level 10, -9/82 HPs)
             Began as a Formicid Fighter on Jan 3, 2017.
             Was a Believer of Okawaru.
             Mangled by a two-headed ogre
             ... wielding a +0 giant spiked club
              (18 damage)
             ... on level 7 of the Dungeon.
             The game lasted 00:23:11 (7414 turns).

Faca the Blocker (Formicid Fighter)                 Turns: 7414, Time: 00:23:11

Health: -9/82      AC: 15    Str: 21    XL:     10   Next: 41%
Magic:  10/10      EV:  6    Int:  8    God:    Okawaru [**....]
Gold:   373        SH: 13    Dex: 13    Spells: 9/9 levels left

rFire  . . .     SeeInvis +     a - +1 long sword
rCold  + . .     Gourm    .     h - +0 plate armour
rNeg   . . .     Faith    .     c - +1 shield
rPois  .         Spirit   .     (helmet unavailable)
rElec  .         Reflect  .     d - +0 cloak
rCorr  +         Harm     .     (no gloves)
MR     +....                    (no boots)
Stlth  ..........               (no amulet)
                                i - ring of resist corrosion
                                u - ring of protection from cold

@: no status effects
A: permanent stasis, dig shafts and tunnels, four strong arms, antennae 3
a: Dig, Shaft Self, Heroism, Renounce Religion


You were on level 7 of the Dungeon.
You worshipped Okawaru.
Okawaru was pleased with you.
You were not hungry.

You visited 2 branches of the dungeon, and saw 9 of its levels.

You collected 396 gold pieces.
You spent 23 gold pieces at shops.

Inventory:

Hand Weapons
 a - a +1 long sword (weapon)
 w - the +11 mace of Disarray {crush, rPois rC+ MP+9}
   (You found it on level 6 of the Dungeon)

   It inflicts extra damage upon your enemies.
   It protects you from cold.
   It protects you from poison.
   It affects your magic capacity (+9).
 y - the +1 quarterstaff "Riemonez" {drain, *Drain rN+ Dex+3}
   (You took it off a centaur on level 7 of the Dungeon)

   A truly terrible weapon, it drains the life of those it strikes.
   It affects your dexterity (+3).
   It protects you from negative energy.
   It causes draining when unequipped.
Armour
 c - a +1 shield (worn)
 d - a +0 cloak (worn)
 h - a +0 plate armour (worn)
Jewellery
 i - a ring of resist corrosion (right hand)
 o - an uncursed ring of stealth
 u - a ring of protection from cold (left hand)
Wands
 m - a wand of iceblast (13/15)
 q - a wand of flame (29/48)
Scrolls
 e - 2 scrolls of remove curse
 l - 5 scrolls of enchant weapon
 t - a scroll of enchant armour
 x - a scroll of recharging
Potions
 b - 2 potions of ambrosia
 j - a potion of invisibility
 k - a potion of agility
 n - 2 potions of heal wounds
 p - 2 potions of resistance
 r - a potion of brilliance
 A - 2 potions of curing
Comestibles
 f - 6 bread rations
 g - a fruit
 s - a meat ration
 v - 4 beef jerkies
 z - 8 slices of pizza


   Skills:
 + Level 8.6 Fighting
 + Level 7.3 Long Blades
 + Level 8.6 Armour
 + Level 9.4 Shields


You had 9 spell levels left.
You didn't know any spells.

Dungeon Overview and Level Annotations

Branches:
Dungeon (8/15)             Temple (1/1) D:6
   Lair: D:8-11

Altars:
Ashenzari
Elyvilon
Fedhas
Gozag
Hepliaklqana
Kikubaaqudgha
Makhleb
Nemelex Xobeh
Okawaru
Qazlal
Ru
Trog
Uskayaw
Xom
Yredelemnul
The Shining One

Shops:
D:5 *


Innate Abilities, Weirdness & Mutations

You cannot be hasted, slowed, berserked, paralysed or teleported.
You can dig through walls and to a lower floor.
Your four strong arms can wield two-handed weapons with a shield.
You have a pair of large antennae on your head. (SInv)


Message History

* * * LOW HITPOINT WARNING * * *
You slash the two-headed ogre!
The two-headed ogre is severely wounded.
You block the sky beast's attack.
The two-headed ogre hits you with a giant spiked club.
* * * LOW HITPOINT WARNING * * *
The two-headed ogre hits you but does no damage.
Unknown command.
You hit the two-headed ogre but do no damage.
The two-headed ogre is severely wounded.
You block the sky beast's attack. The two-headed ogre barely misses you.
The two-headed ogre hits you but does no damage.
You slash the two-headed ogre!
The two-headed ogre is severely wounded.
The sky beast barely misses you.
You hit the two-headed ogre.
The two-headed ogre is almost dead.
You block the two-headed ogre's attack.
The two-headed ogre hits you with a giant spiked club!!
You die...

#....####.(...(######.###.#
#....#......##(# #..##..
#(.....###(...(## ##.####
#....### #..#...######.# #
#####....## #)##...#...##.#
# #.........#
#[####.....##.# ##
#.####.##>####(#
#.....##.###. #.##
#.##.#...O# #........#...
#..###.##....รท@#
#............
##.##..####..Y)#
#.#.......... #..<.##
#....####.#..........
###..#
#......#............. ##.#
#....#.#............. #.##
#....#.#............. #..##
#....................
#...###............##..##.#
#.#.....###......##...###..


You could see a two-headed ogre and a sky beast.

Vanquished Creatures
  A hippogriff (D:7)
  4 hogs (D:7)
  A human (D:7)
  Duvessa (D:7)
  3 ice beasts
  4 ogres
  A phantom (D:4)
  4 centaurs
  2 bullfrogs
  Dowan (D:7)
  A wyvern skeleton (D:8)
  A scorpion (D:4)
  4 killer bees
  3 wights (D:6)
  A howler monkey (D:5)
  4 crimson imps
  A bullfrog zombie (D:5)
  3 orc priests (D:5)
  4 hounds
  5 orc wizards
  Crazy Yiuf (D:6)
  2 bullfrog skeletons
  A centaur skeleton (D:7)
  Jessica (D:2)
  3 iguanas
  5 worker ants
  A hound zombie (D:5)
  A worker ant zombie (D:7)
  7 gnolls
  16 adders
  A shadow imp (D:4)
  An adder zombie (D:7)
  A worm (D:2)
  3 dart slugs
  6 leopard geckos
  28 orcs
  2 ball pythons
  5 giant cockroaches
  6 goblins
  9 hobgoblins
  9 jackals
  2 quokkas
  11 bats
  A frilled lizard (D:1)
  5 kobolds
  A leopard gecko skeleton (D:7)
  A leopard gecko zombie (D:6)
  A quokka zombie (D:7)
  8 rats
188 creatures vanquished.

Notes
Turn   | Place    | Note
-------+----------+-------------------------------------------
     0 | D:1      | Faca the Formicid Fighter began the quest for the Orb.
     0 | D:1      | Reached XP level 1. HP: 18/18 MP: 1/1
   148 | D:1      | Reached XP level 2. HP: 20/24 MP: 2/2
   292 | D:1      | Reached XP level 3. HP: 22/30 MP: 3/3
   323 | D:1      | Reached skill level 4 in Shields
   610 | D:2      | Reached XP level 4. HP: 37/37 MP: 4/4
   698 | D:2      | Noticed Jessica
   707 | D:2      | Killed Jessica
   715 | D:2      | Reached XP level 5. HP: 11/42 MP: 5/5
  1249 | D:3      | Found a bloodstained altar of Trog.
  1614 | D:4      | Noticed an ogre
  1622 | D:4      | Killed an ogre
  1622 | D:4      | Reached skill level 5 in Shields
  1622 | D:4      | Reached XP level 6. HP: 7/49 MP: 6/6
  2200 | D:4      | Reached XP level 7. HP: 14/55 MP: 7/7
  2491 | D:4      | Reached skill level 5 in Armour
  2492 | D:4      | Reached skill level 5 in Fighting
  2588 | D:4      | Got a jewelled hand axe {freeze}
  2590 | D:4      | Identified the +0 hand axe of Bedyt {freeze, Dex+4} (You took it off an orc on level 4 of the Dungeon)
  3219 | D:5      | Entered Level 5 of the Dungeon
  3273 | D:5      | Reached skill level 6 in Shields
  3273 | D:5      | Reached XP level 8. HP: 63/63 MP: 8/8
  3282 | D:5      | Found Quca's Assorted Antiques.
  3332 | D:5      | Bought a scroll labeled JAERAU CIXZO for 23 gold pieces
  3558 | D:5      | Reached skill level 5 in Long Blades
  4297 | D:6      | Reached skill level 7 in Shields
  4362 | D:6      | Found a staircase to the Ecumenical Temple.
  4380 | Temple   | Entered the Ecumenical Temple
  4403 | Temple   | Became a worshipper of Warmaster Okawaru
  4470 | D:6      | Reached XP level 9. HP: 41/71 MP: 9/9
  5153 | D:6      | Found a runed door.
  5158 | D:6      | Noticed Crazy Yiuf
  5162 | D:6      | Killed Crazy Yiuf
  5166 | D:6      | Got a transparent mace
  5167 | D:6      | Identified the +11 mace of Disarray {crush, rPois rC+ MP+9} (You found it on level 6 of the Dungeon)
  5524 | D:7      | Noticed a hippogriff
  5534 | D:7      | Killed a hippogriff
  5534 | D:7      | Reached * piety under Okawaru
  5578 | D:7      | Reached skill level 8 in Shields
  5925 | D:7      | Got an uncursed twisted quarterstaff {drain}
  6127 | D:7      | Identified the +1 quarterstaff "Riemonez" {drain, *Drain rN+ Dex+3} (You took it off a centaur on level 7 of the Dungeon)
  6300 | D:7      | Noticed Duvessa
  6300 | D:7      | Noticed Dowan
  6319 | D:7      | Killed Duvessa
  6334 | D:7      | Killed Dowan
  6334 | D:7      | Reached XP level 10. HP: 63/80 MP: 10/10
  6600 | D:7      | Reached ** piety under Okawaru
  6650 | D:7      | Reached skill level 9 in Shields
  7379 | D:8      | Noticed a two-headed ogre
  7414 | D:7      | Mangled by a two-headed ogre

Vault maps used:
D:1:      dpeg_arrival_stone_temple_mockup
D:2:      uniq_jessica
D:3:      lemuel_statue_altar
D:4:      minmay_door_path, first_bread, grunt_decor_cap
D:5:      serial_shops, shop_statue
D:6:      minmay_door_square, uniq_crazy_yiuf_cottage
D:7:      grunt_livestock, minivault_22, uniq_duvessa
D:8:      ashenzari_altar_1
Temple:   nicolae_temple_the_god_donut

Skill      XL: |  1  2  3  4  5  6  7  8  9 10 |
---------------+-------------------------------+-----
Shields        | 4 5 6 7 8 9 |  9.4
Fighting       | 4 5 6 7 8 |  8.6
Armour         | 4 5 6 7 8 |  8.6
Long Blades    | 3 4 5 6 7 |  7.3

Action                   |  1- 3 |  4- 6 |  7- 9 | 10-12 || total
-------------------------+-------+-------+-------+-------++-------
Melee: Long sword        |    92 |   171 |   512 |   162 ||   937
Invok: Heroism           |       |       |     1 |       ||     1
  Use: Scroll            |     5 |     3 |    14 |     1 ||    23
       Potion            |       |     1 |     1 |       ||     2
  Eat: Chunk             |       |     1 |     1 |       ||     2
       Royal jelly       |       |     1 |       |       ||     1
       Meat ration       |       |     1 |       |       ||     1
       Bread ration      |       |       |     3 |     1 ||     4
Armor: Scale mail        |    38 |       |       |       ||    38
       Chain mail        |     5 |   107 |     8 |       ||   120
       Skin              |       |    10 |     5 |       ||    15
       Plate armour      |       |       |   257 |    96 ||   353
Dodge: Dodged            |    30 |    53 |    88 |    49 ||   220
Block: Shield            |    61 |   130 |   308 |   135 ||   634
       Rpst.: Long sword |    11 |    16 |    22 |    16 ||    65
